 Dungeon Crawl Stone Soup version 0.29-a0-321-gf1c400731a (webtiles) character file.

Game seed: 5795965755120454289

41 GigaChad the Insei (level 3, -4/28 HPs)
             Began as a Draconian Transmuter on Apr 5, 2022.
             Was a Priest of Jiyva.
             Slain by a gnoll
             ... wielding a +0 halberd
              (10 damage)
             ... on level 4 of the Dungeon.
             The game lasted 00:07:43 (1825 turns).

GigaChad the Insei (Draconian Transmuter)           Turns: 1825, Time: 00:07:44

Health: -4/28      AC:  5    Str: 12    XL:     3   Next: 32%
Magic:  15/15      EV: 12    Int: 13    God:    Jiyva [***...]
Gold:   80         SH:  0    Dex: 13    Spells: 5/6 levels left

rFire   . . .      SeeInvis .     - Unarmed
rCold   . . .      Faith    .   (no shield)
rNeg    + . .      Spirit   .   (body armour unavailable)
rPois   .          Reflect  .   (helmet restricted)
rElec   .          Harm     .   (no cloak)
rCorr   +          Rampage  .   (no gloves)
Will    .....                   (no boots)
Stlth   +.........              (no amulet)
HPRegen 1.21/turn               b - ring of positive energy
MPRegen 0.49/turn               h - ring of magical power

@: no status effects
A: AC +5, unfitting armour, cold-blooded
a: Renounce Religion, Oozemancy


You were on level 4 of the Dungeon.
You worshipped Jiyva.
Jiyva was most pleased with you.
You visited 1 branch of the dungeon, and saw 4 of its levels.

You collected 80 gold pieces.

Inventory:

Missiles
 m - 4 javelins
Jewellery
 b - a ring of positive energy (left hand)
 h - a ring of magical power (right hand)
Scrolls
 c - 2 scrolls of magic mapping {unknown}
 d - 2 scrolls of enchant armour {unknown}
 e - a scroll of holy word {unknown}
 j - a scroll of blinking {unknown}
Potions
 a - a potion of lignification
 f - a potion of flight
 i - a potion of cancellation
 k - a potion of degeneration {unknown}
 l - a potion of haste
 n - 2 potions of brilliance


   Skills:
 + Level 1.2 Fighting
 + Level 2.0 Dodging
 + Level 0.3 Stealth
 + Level 3.8 Unarmed Combat
 + Level 2.2 Spellcasting
 + Level 2.3 Transmutations


You had 5 spell levels left.
You knew the following spells:

 Your Spells              Type           Power      Damage    Failure   Level
a - Beastly Appendage     Tmut           14%        N/A       10%         1

Your spell library contained the following spells:

 Spells                   Type           Power      Damage    Failure   Level
 Wereblood                Tmut           7%         N/A       14%         2
 Spider Form              Tmut/Pois      4%         N/A       43%         3
 Ice Form                 Ice/Tmut       4%         N/A       83%         4


Dungeon Overview and Level Annotations

Branches:
Dungeon (4/15)
 Temple: D:4-7

Altars:
Jiyva

Annotations:
D:2 Sigmund


Innate Abilities, Weirdness & Mutations

Your plain brown scales are hard. (AC +5)
You cannot fit into any form of body armour.
You are cold-blooded and may be slowed by cold attacks.


Message History

The gnoll barely misses you. The gnoll hits you with a +0 whip.
The gnoll barely misses you.
You hit the gnoll.
The gnoll is moderately wounded.
The gnoll hits you but does no damage. The gnoll closely misses you.
The gnoll barely misses you.
You hit the gnoll.
The gnoll is heavily wounded.
You barely miss the gnoll.
The gnoll is heavily wounded.
The gnoll closely misses you. The gnoll hits you but does no damage.
The gnoll hits you with a +0 whip.
You hit the gnoll.
You tail-slap the gnoll, but do no damage.
The gnoll is severely wounded.
The gnoll misses you.
The gnoll hits you from afar with a +0 halberd!
* * * LOW HITPOINT WARNING * * *
The gnoll barely misses you. The gnoll attacks as you move away!
The gnoll hits you with a +0 whip.
* * * LOW HITPOINT WARNING * * *
The gnoll attacks as you move away! The gnoll hits you with a +0 whip.
* * * LOW HITPOINT WARNING * * *
The gnoll attacks as you move away! The gnoll hits you with a +0 whip.
* * * LOW HITPOINT WARNING * * *
The gnoll attacks as you move away! The gnoll barely misses you.
The gnoll attacks as you move away! The gnoll hits you with a +0 whip.
* * * LOW HITPOINT WARNING * * *
You open the door. The gnoll hits you with a +0 whip.
* * * LOW HITPOINT WARNING * * *
There is an open door here.
The gnoll attacks as you move away! The gnoll misses you.
The gnoll throws a throwing net.
The throwing net hits you.
You become entangled in the net!
The gnoll hits you with a +0 whip.
* * * LOW HITPOINT WARNING * * *
You see here a throwing net.
You tear a large gash into the net.
The gnoll barely misses you.
You shred the net and break free!
The gnoll hits you from afar with a +0 halberd!
You die...

#.....# #.....#.#
#.....# #........
#.....# #.....#..
#.....# #........
#.....# #...#.##.
#.....# #..<..##.
#.....##########.##.
#...g.'g............
#..@.g##########.###
#.....##.........# #
#.....##.#######.# #
#####.##.#######.# #
#............# #
####.######### #
#......... #
#......### #
#.........


You could see 3 gnolls.

Vanquished Creatures
  An adder (D:2)
  A dart slug (D:4)
  A ball python (D:1)
  3 hobgoblins
  4 jackals (D:1)
  3 kobolds
  A quokka (D:1)
  A bat (D:3)
  2 frilled lizards
  7 goblins
  4 rats (D:1)
28 creatures vanquished.

Vanquished Creatures (others)
  Eustachio (D:4)
  An ogre (D:4)
  A jelly (D:4)
  A hound (D:4)
  Ijyb (D:3)
  An endoplasm (D:4)
  An orc (D:3)
  2 giant cockroaches
  3 goblins
  2 hobgoblins (D:3)
  A ball python (D:3)
  A frilled lizard (D:3)
16 creatures vanquished.

Grand Total: 44 creatures vanquished

Notes
Turn   | Place    | Note
-------+----------+-------------------------------------------
     0 | D:1      | GigaChad the Draconian Transmuter began the quest for the
                  | Orb.
     0 | D:1      | Reached XP level 1. HP: 16/16 MP: 3/3
   435 | D:1      | Reached XP level 2. HP: 22/23 MP: 5/5
   577 | D:1      | Found a faded altar of an unknown god.
   594 | D:1      | Prayed at the altar of an unknown god.
   594 | D:1      | Became a worshipper of Jiyva Juirunu the Shapeless
   594 | D:1      | Reached * piety under Jiyva
   826 | D:2      | Noticed Sigmund
   937 | D:3      | Reached XP level 3. HP: 28/28 MP: 6/6
   976 | D:3      | Reached ** piety under Jiyva
  1300 | D:3      | Killed Ijyb
  1470 | D:4      | Noticed an ogre
  1471 | D:4      | Noticed Eustachio
  1572 | D:4      | Reached *** piety under Jiyva
  1644 | D:4      | Killed Eustachio
  1663 | D:4      | Killed an ogre
  1807 | D:4      | HP: 1/28 [gnoll/+0 whip (2)]
  1825 | D:4      | Slain by a gnoll

Illustrated notes

Levels and vault maps discovered:
D:1:      eino_arrival_cavern_d, layout_rooms, basic_ecumenical_altar,
          corexii_leaking_fountain
D:2:      layout_rooms, uniq_jessica, uniq_sigmund
D:3:      layout_basic, uniq_ijyb
D:4:      layout_basic, minmay_temple_entry_fiery, uniq_eustachio

Skill      XL: |  1  2 |
---------------+-------+-----
Dodging        | 2 |  2.0
Fighting       | |  1.2
Stealth        | |  0.3
Unarmed Combat | |  3.8
Spellcasting   | |  2.2
Transmutations | |  2.3

Action                   || total
-------------------------++-------
Melee: Unarmed           ||   110
       Tailslap          ||    11
       Punch             ||     2
       Kick              ||     4
       Headbutt          ||     2
 Cast: Beastly Appendage ||     3
  Use: Scroll            ||     4
Armor: Skin              ||    35
Dodge: Dodged            ||    85

Table legend: (Time is in decaauts)
 A = Elapsed time spent in this place.
 B = Non-inter-level travel time spent in this place.
 C = Inter-level travel time spent in this place.
 D = Time resting spent in this place.
 E = Time spent auto-exploring this place.
 F = Levels seen in this place.
 G = Mean time per level.
                   A        B        C        D        E       F      G
               +--------+--------+--------+--------+--------+-----+--------+
         Total |   1819 |   1819 |      0 |      0 |    443 |   4 |  454.8 |
       Dungeon |   1819 |   1819 |      0 |      0 |    443 |   4 |  454.8 |
               +--------+--------+--------+--------+--------+-----+--------+

Top non-repeatable levels by time:
     D:1: 823 daAuts
     D:3: 612 daAuts
     D:4: 280 daAuts
     D:2: 102 daAuts
